 Dungeon Crawl Stone Soup version 0.28.0 (console) character file.

Game seed: 13180786039461322944

117954 jejorda2 the Warrior (level 16, -2/97 HPs)
             Began as a Vine Stalker Berserker on Feb 13, 2022.
             Was a High Priest of Trog.
             Splashed by a goliath frog's acid (7 damage)
             ... on level 1 of the Swamp.
             The game lasted 01:18:27 (26657 turns).

jejorda2 the Warrior (Vine Stalker Berserker)      Turns: 26657, Time: 01:18:27

Health: -2/97      AC: 22    Str: 27    XL:     16   Next: 75%
Magic:  0/17       EV: 10    Int:  7    God:    Trog [*****.]
Gold:   2698       SH:  6    Dex: 15    Spells: 15/15 levels left

rFire   . . .      SeeInvis .   a - +3 dagger (elec)
rCold   . . .      Faith    +   y - +0 buckler
rNeg    + . .      Spirit   +   i - +0 pearl dragon scales
rPois   +          Reflect  .   E - +0 hat {Stlth+}
rElec   .          Harm     .   U - +2 cloak
rCorr   .          Rampage  .   J - +2 pair of gloves
Will    +++++                   (no boots)
Stlth   +.........              O - amulet of faith
HPRegen 2.06/turn               T - ring of poison resistance
MPRegen 0.15/turn               x - ring of willpower

@: strong-willed, on berserk cooldown, regenerating, slowed, very slow
A: fangs 3, regeneration 1, magic shield, antimagic bite, no potion heal 2
a: Renounce Religion, Berserk, Trog's Hand, Brothers in Arms


You were on level 1 of the Swamp.
You worshipped Trog.
Trog was extremely pleased with you.
You visited 4 branches of the dungeon, and saw 24 of its levels.
You also visited: Ice Cave and Volcano.

You collected 2698 gold pieces.

Inventory:

Hand Weapons
 a - a +3 dagger of electrocution (weapon)
Missiles
 d - 2 curare-tipped darts
 j - a throwing net
 m - 24 boomerangs
 w - 47 poisoned darts (quivered)
Armour
 i - +0 pearl dragon scales (worn)
 y - a +0 buckler (worn)
 E - a +0 hat of stealth (worn)
 J - a +2 pair of gloves (worn)
 U - a +2 cloak (worn)
Jewellery
 p - a ring of ice
 x - a ring of willpower (right hand)
 O - an amulet of faith (around neck)
 S - a ring of fire
 T - a ring of poison resistance (left hand)
Wands
 c - a wand of digging (4)
 r - a wand of acid (6)
 t - a wand of paralysis (6)
 A - a wand of iceblast (14)
 B - a wand of polymorph (15)
 K - a wand of mindburst (14)
 R - a wand of charming (4)
Scrolls
 e - 2 scrolls of identify
 f - 6 scrolls of magic mapping
 g - 5 scrolls of teleportation
 k - a scroll of blinking
 G - 4 scrolls of fear
 H - a scroll of silence
 Q - 3 scrolls of fog
Potions
 l - 7 potions of mutation
 n - a potion of might
 q - 4 potions of ambrosia
 s - 5 potions of flight
 u - 11 potions of curing
 v - 3 potions of magic
 z - a potion of invisibility
 C - 3 potions of haste
 D - 4 potions of attraction
 P - a potion of cancellation
Miscellaneous
 F - a lightning rod (4/4)
 N - a phial of floods


   Skills:
 + Level 16.4 Fighting
 - Level 10.0 Short Blades
 - Level 12.0 Throwing
 - Level 12.0 Armour
 - Level 1.5 Dodging
 * Level 8.4 Shields
 - Level 6.0 Evocations


You had 15 spell levels left.
You didn't know any spells.
Your spell library was empty.

Dungeon Overview and Level Annotations

Branches:
Dungeon (15/15)            Temple (0/1) D:7            Lair (6/6) D:11
  Swamp (1/4) Lair:4        Snake (0/4) Lair:2        Slime (0/5) Lair:5
    Orc (2/2) D:10            Elf (0/3) Orc:2        Vaults (0/5) D:14
 Depths (0/4) D:15          IceCv (visited)         Volcano (visited)

Altars:
Ashenzari
Cheibriados
Elyvilon
Gozag
Hepliaklqana
Kikubaaqudgha
Okawaru
Vehumet
Wu Jian
Xom
The Shining One
Beogh

Shops:
D:10 [   Orc:1 (:   Orc:2 :?!=

Annotations:
D:4 2 transporters


Innate Abilities, Weirdness & Mutations

You have razor-sharp teeth.
Your natural rate of healing is unusually fast.
When hurt, damage is shared between your health and your magic reserves.
Your bite disrupts and absorbs the magic of your enemies.
Potions cannot restore your health.


Message History

The spriggan druid falters for a moment.
The spriggan druid calls out to the beasts of the wild!
The eleionoma misses you.
You hit the spriggan druid.
The spriggan druid is almost dead.
The spriggan druid closely misses you.
You barely miss the spriggan druid.
The spriggan druid is almost dead.
The eleionoma barely misses you.
You barely miss the spriggan druid. Your bite misses the spriggan druid.
The spriggan druid is almost dead.
Your surroundings suddenly seem different.
Unknown command.
You start resting.
A goliath frog comes into view.
Your ogre goes berserk!
You swap places.
You enter the shallow water.
Moving in this stuff is going to be slow.
The sentinel's mark upon you fades away.
Your ogre hits the spriggan druid with a +0 giant spiked club!!
With its final breath, the spriggan druid offers up its power to the beasts of the wild!
The spriggan druid dies!
Trog accepts your kill.
Trog appreciates your killing of a magic user.
You hear a splash. x2
The goliath frog hits you from afar!
* * * LOW HITPOINT WARNING * * *
You are splashed with acid!
* * * LOW HITPOINT WARNING * * *
Your ogre misses the goliath frog.
Unknown command.
Something hits your ogre!
Your ogre dies!
Your ogre's corpse disappears in a puff of smoke!
Your skin crawls.
You feel strong-willed. The goliath frog hits you!!
* * * LOW HITPOINT WARNING * * *
You are splashed with acid!
You die...

.....≈.......≈≈..≈≈≈.≈≈≈†)≈.≈....
..≈≈...≈≈...§≈≈.≈♣.≈).....†......
.≈§≈≈.≈≈§.......♣♣≈...≈≈≈..R≈....
.≈≈≈..≈≈≈.≈≈.♣§..♣.[...≈).i.≈....
.....≈.≈..≈≈......♣..≈≈..≈♣♣♣≈♣≈R
...≈.≈....≈≈÷..F♣♣♣.....Ri♣ ♣♣♣♣
≈≈.§.♣♣♣§.≈.♣♣≈♣§.♣.≈≈≈..♣♣
≈≈...♣♣♣.^.♣♣♣♣♣♣F♣♣}≈≈..♣
≈≈..†.........♣♣@§♣♣≈....♣
≈≈≈§..≈≈≈>....≈♣^..♣♣≈.>..♣
≈≈§§..≈≈≈≈≈≈≈.....>♣♣≈...♣♣
≈≈≈≈.♣.§≈.≈≈≈.........)...
.≈≈.♣♣♣♣♣..≈≈.♣♣≈...≈§ ..≈♣♣♣♣
♣.≈≈§≈♣♣♣.♣♣≈≈≈≈ ≈≈.†..♣♣♣.≈≈≈.♣
.♣♣ ...♣ ≈..§≈≈.≈♣.§≈≈.♣ .≈♣
♣.≈≈≈≈≈.♣


You could see a goliath frog (strong).

Vanquished Creatures
  Gastronok (Lair:1)
  A reaper (IceCv)
  A stone giant (D:15)
  Snorg (D:13)
  An ettin (Orc:2)
  The ghost of Barbarella the Brawler, a journeyman TrMo of Ru (Lair:1)
  2 boulder beetles (D:14)
  6 vault guards (D:14)
  2 ogre magi (Orc:2)
  A spriggan air mage (Swamp:1)
  9 hydras
  Erica (D:10)
  The ghost of pkoi the Frost Mage, a journeyman DrIE of Sif Muna (Lair:1)
  13 two-headed ogres
  A death knight (D:12)
  3 centaur warriors
  6 death yaks (Lair:3)
  4 alligators
  3 tengu warriors (D:15)
  A spriggan druid (Swamp:1)
  2 deep trolls (Orc:2)
  2 goliath frogs (Swamp:1)
  A swamp dragon (Swamp:1)
  A phantasmal warrior (D:12)
  A necromancer (D:15)
  A wizard (D:15)
  An orc knight (D:15)
  A lindwurm (Lair:6)
  2 deep elf pyromancers
  4 orc sorcerers
  8 cyclopes
  15 ugly things
  3 manticores
  3 black mambas
  2 ice statues (IceCv)
  5 elephants (Lair:4)
  2 molten gargoyles (Volcano)
  A smoke demon (Volcano)
  A cane toad (shapeshifter) (D:14)
  2 torpor snails
  2 unseen horrors
  21 cane toads
  7 komodo dragons
  3 freezing wraiths
  6 rime drakes
  A tengu conjurer (D:15)
  An efreet (D:13)
  3 entropy weaver simulacra (IceCv)
  2 anaconda simulacra (IceCv)
  5 ice devils (IceCv)
  A queen bee (D:10)
  15 trolls
  A red devil (Volcano)
  3 polar bears
  A bloated husk (Swamp:1)
  3 meliai (D:14)
  2 hornets
  Grinder (D:3)
  32 blink frogs
  4 tyrant leeches
  9 slime creatures
  15 dream sheep
  A meliai zombie (D:11)
  A spriggan (Swamp:1)
  3 vampires
  3 wraiths
  2 centaur simulacra (D:15)
  3 wyverns
  3 dire elephant simulacra (IceCv)
  8 fire bats
  27 yaks
  4 steam dragons
  A fire elemental (Lair:5)
  13 vampire mosquitoes
  A warg (Orc:2)
  2 harpy simulacra (IceCv)
  5 swamp worms
  4 nagas (Lair:2)
  12 water moccasins
  A hell hound (Volcano)
  11 orc warriors
  2 ice beasts
  3 black bears
  10 wolves
  20 ogres
  10 centaurs
  5 kobold brigands
  9 bullfrogs
  A gnoll sergeant (D:8)
  A cane toad simulacrum (IceCv)
  5 scorpions
  26 killer bees (D:10)
  An electric eel (D:11)
  3 howler monkeys
  6 lava snakes (Volcano)
  7 centaur zombies
  15 orc priests
  2 bullfrog skeletons
  3 hounds
  An iguana (D:5)
  5 jellies
  Jessica (D:3)
  2 centaur skeletons
  12 orc wizards
  A troll simulacrum (IceCv)
  A howler monkey zombie (D:6)
  10 gnolls
  6 adders
  A naga simulacrum (IceCv)
  A white imp (D:7)
  An ufetubus (D:4)
  An adder skeleton (D:5)
  4 worms
  7 dart slugs
  52 orcs
  6 ball pythons
  12 endoplasms
  A giant cockroach (D:1)
  6 goblins
  4 hobgoblins
  4 jackals (D:1)
  31 kobolds
  2 bats
  4 frilled lizards
  3 rats
668 creatures vanquished.

Vanquished Creatures (collateral kills)
  A boulder beetle (Lair:6)
  2 vault guards (D:14)
  The ghost of Jingleheimer the Grappler, a novice DrTm of Qazlal (Lair:1)
  A goliath frog (Lair:6)
  A spriggan druid (Swamp:1)
  4 elephants (Lair:6)
  A cane toad (Lair:6)
  A komodo dragon (Lair:6)
  3 blink frogs (Lair:6)
  2 tyrant leeches (Lair:6)
  2 dream sheep (Lair:6)
  5 yaks (Lair:6)
  An orc warrior (Orc:2)
  A killer bee (D:10)
  2 orcs (Orc:2)
28 creatures vanquished.

Vanquished Creatures (others)
  A hydra (D:15)
  A vampire mosquito (Swamp:1)
  An ogre (Orc:2)
  37 fungi
  100 plants
  4 withered plants (Lair:1)
144 creatures vanquished.

Grand Total: 840 creatures vanquished

Notes
Turn   | Place    | Note
-------+----------+-------------------------------------------
     0 | D:1      | jejorda2 the Vine Stalker Berserker began the quest for the
                  | Orb.
     0 | D:1      | Reached XP level 1. HP: 11/11 MP: 2/2
     3 | D:1      | You fall into a shaft and drop 1 floor!
    12 | D:2      | Reached XP level 2. HP: 16/16 MP: 3/3
   351 | D:1      | Reached skill level 3 in Fighting
   351 | D:1      | Reached XP level 3. HP: 14/20 MP: 4/4
   463 | D:1      | Found a faded altar of an unknown god.
  1407 | D:2      | Gained mutation: Your natural rate of healing is unusually
                  | fast. [Vine Stalker growth]
  1407 | D:2      | Reached XP level 4. HP: 18/24 MP: 3/5
  1850 | D:2      | Reached ** piety under Trog
  1888 | D:2      | Reached XP level 5. HP: 28/28 MP: 6/6
  2236 | D:3      | Noticed Grinder
  2250 | D:3      | Killed Grinder
  2251 | D:3      | Reached XP level 6. HP: 33/33 MP: 7/7
  2336 | D:3      | Reached skill level 4 in Fighting
  2347 | D:3      | Found an ornate altar of the Wu Jian Council.
  2400 | D:3      | Noticed Jessica
  2406 | D:3      | Killed Jessica
  2407 | D:3      | Reached skill level 5 in Short Blades
  2666 | D:3      | Found a large runed translucent door.
  2666 | D:3      | Found a large runed translucent door.
  2815 | D:3      | Found a white marble altar of Elyvilon.
  2819 | D:3      | Reached XP level 7. HP: 37/37 MP: 8/8
  2822 | D:3      | Found a broken altar of Ashenzari.
  2860 | D:4      | Found a transporter.
  2866 | D:4      | Found a transporter.
  2890 | D:4      | Noticed a kobold demonologist
  3112 | D:4      | Found an iron altar of Okawaru.
  3484 | D:5      | Entered Level 5 of the Dungeon
  3542 | D:5      | Identified the +5 trident of the Wary Places {vorpal,
                  | *Noise rC+ Str+2}
  3562 | D:5      | Noticed a wyvern
  3575 | D:5      | Killed a wyvern
  3576 | D:5      | Gained mutation: You have razor-sharp teeth. [Vine Stalker
                  | growth]
  3576 | D:5      | Reached XP level 8. HP: 42/42 MP: 5/9
  3660 | D:5      | Found a shimmering altar of Xom.
  3663 | D:5      | Found a radiant altar of Vehumet.
  3664 | D:5      | Found a hazy altar of Hepliaklqana.
  3667 | D:5      | Found an ancient bone altar of Kikubaaqudgha.
  3669 | D:5      | Identified the +5 falchion "Giyphapiech" {flame, *Noise
                  | rElec Str+7}
  3695 | D:5      | Found an opulent altar of Gozag.
  3712 | D:5      | Reached skill level 5 in Fighting
  3925 | D:5      | Reached *** piety under Trog
  4705 | D:6      | Reached XP level 9. HP: 48/48 MP: 10/10
  4754 | D:6      | Reached skill level 5 in Armour
  4969 | D:6      | Reached skill level 6 in Fighting
  5485 | D:7      | Found a glowing golden altar of the Shining One.
  5560 | D:7      | Found a staircase to the Ecumenical Temple.
  5589 | D:7      | Noticed a hornet
  5594 | D:7      | Paralysed by a hornet for 2 turns
  5601 | D:7      | Killed a hornet
  6206 | D:8      | Noticed a two-headed ogre
  6210 | D:8      | Killed a two-headed ogre
  6348 | D:8      | Reached XP level 10. HP: 53/53 MP: 11/11
  6352 | D:8      | Reached skill level 1 in Shields
  6358 | D:8      | Reached skill level 7 in Fighting
  6827 | D:8      | Noticed a two-headed ogre
  6833 | D:8      | Killed a two-headed ogre
  6834 | D:8      | Reached skill level 10 in Short Blades
  7101 | D:9      | Noticed a two-headed ogre
  7106 | D:9      | Killed a two-headed ogre
  7290 | D:9      | Reached skill level 8 in Fighting
  7782 | D:10     | Entered Level 10 of the Dungeon
  7830 | D:10     | Reached **** piety under Trog
  7831 | D:10     | Reached skill level 1 in Throwing
  7868 | D:10     | Found Kuopahet's Armour Boutique.
  7870 | D:10     | Found a staircase to the Orcish Mines.
  8065 | D:10     | Reached skill level 9 in Fighting
  8065 | D:10     | Reached XP level 11. HP: 62/62 MP: 12/12
  8615 | D:10     | Noticed Erica
  8627 | D:10     | Killed Erica
  9025 | D:11     | Reached skill level 5 in Throwing
  9036 | D:11     | Noticed a red ugly thing
  9051 | D:11     | Killed a red ugly thing
  9143 | D:11     | Noticed a green ugly thing
  9151 | D:11     | Killed a green ugly thing
  9152 | D:11     | Reached skill level 10 in Fighting
  9560 | D:11     | Found a staircase to the Lair.
 10074 | Lair:1   | Entered Level 1 of the Lair of Beasts
 10218 | Lair:1   | Reached XP level 12. HP: 68/68 MP: 13/13
 10236 | Lair:1   | Found a runed translucent gate.
 10236 | Lair:1   | Found a runed translucent gate.
 10236 | Lair:1   | Found a runed translucent gate.
 10237 | Lair:1   | Noticed Jingleheimer's ghost (novice DrTm)
 10237 | Lair:1   | Noticed Barbarella's ghost (journeyman TrMo)
 10238 | Lair:1   | Noticed pkoi's ghost (journeyman DrIE)
 10650 | Lair:1   | Noticed Gastronok
 10659 | Lair:1   | Killed Gastronok
 10996 | Lair:1   | Killed Barbarella's ghost
 11011 | Lair:1   | Killed pkoi's ghost
 11015 | Lair:1   | Killed Jingleheimer's ghost
 11016 | Lair:1   | Reached skill level 11 in Fighting
 11268 | Lair:2   | Found a staircase to the Snake Pit.
 11280 | Lair:2   | Noticed a five-headed hydra
 11358 | Lair:2   | Killed a five-headed hydra
 12108 | Lair:2   | Noticed a six-headed hydra
 12117 | Lair:2   | Killed a six-headed hydra
 12118 | Lair:2   | Reached XP level 13. HP: 74/74 MP: 11/14
 12590 | Lair:3   | Reached skill level 12 in Fighting
 13758 | Lair:4   | Reached skill level 10 in Throwing
 14508 | Lair:4   | Found a staircase to the Swamp.
 14983 | Lair:5   | Found a frozen archway.
 14992 | IceCv    | Entered an ice cave
 15185 | IceCv    | Reached ***** piety under Trog
 15368 | IceCv    | Reached skill level 13 in Fighting
 15460 | IceCv    | Noticed a reaper
 15477 | IceCv    | Killed a reaper
 15478 | IceCv    | Reached XP level 14. HP: 69/82 MP: 13/15
 15742 | Lair:5   | Received a gift from Trog
 15879 | Lair:5   | You fall into a shaft and drop 1 floor!
 15879 | Lair:6   | Entered Level 6 of the Lair of Beasts
 16037 | Lair:6   | Reached skill level 10 in Armour
 16876 | Lair:5   | Found a staircase to the Slime Pits.
 17310 | Lair:6   | Reached skill level 14 in Fighting
 17883 | Lair:6   | Reached XP level 15. HP: 46/88 MP: 16/16
 19837 | D:13     | Noticed Snorg
 19854 | D:13     | Killed Snorg
 19855 | D:13     | Reached skill level 1 in Evocations
 20853 | D:14     | Found a snail-covered altar of Cheibriados.
 21453 | D:14     | Found a gate to the Vaults.
 21466 | D:14     | Reached skill level 15 in Fighting
 22080 | D:15     | Entered Level 15 of the Dungeon
 22326 | D:15     | Identified the +10 quarterstaff "Jellybane" {vorpal, Str+3
                  | Int+4}
 22801 | D:15     | Reached skill level 5 in Shields
 22811 | D:15     | Reached skill level 5 in Evocations
 22854 | D:15     | Reached XP level 16. HP: 95/95 MP: 17/17
 22951 | D:15     | Found a staircase to the Depths.
 23449 | Orc:1    | Entered Level 1 of the Orcish Mines
 23615 | Orc:2    | Entered Level 2 of the Orcish Mines
 23641 | Orc:2    | Found a staircase to the Elven Halls.
 23752 | Orc:2    | HP: 2/95 [ogre (8)]
 23762 | Orc:2    | HP: 2/95 [ogre (20)]
 23812 | Orc:2    | Found a dark tunnel.
 23851 | Volcano  | Entered a volcano
 23997 | Volcano  | Found a burning altar of Makhleb.
 24522 | Orc:2    | Reached skill level 16 in Fighting
 24576 | Orc:2    | Found Tohul's Distillery.
 24609 | Orc:2    | Received a gift from Trog
 24687 | Orc:2    | Found Pekiet's Jewellery Emporium.
 24872 | Orc:2    | Found Jirucu's Magic Scroll Shoppe.
 24880 | Orc:2    | Found Qofe's Book Shoppe.
 25299 | Orc:1    | Found Cipel's Self-Improvement Boutique.
 25713 | Orc:1    | Found Lyskoin's Weapon Shop.
 26093 | Swamp:1  | Entered Level 1 of the Swamp
 26657 | Swamp:1  | Splashed by a goliath frog's acid

Illustrated notes

Levels and vault maps discovered:
D:1:      sevenhm_arrival_forest_fort_large_2, layout_rooms,
          nicolae_ecumenical_snake_handling
D:2:      layout_rooms
D:3:      layout_loops_ring, marbit_many_paths, jmf_multi_god_temple2,
          minmay_misc_feat_hallway, uniq_jessica, uniq_grinder
D:4:      gammafunk_wand_slinger, layout_loops_ring, overflow_temple_1_default
D:5:      layout_basic, amcnicky_altar_gilded, grunt_temple_overflow_open,
          minmay_strange_pillars
D:6:      layout_loops_ring
D:7:      layout_basic, mainiacjoe_overflow_surrounded_room,
          minmay_temple_entry_arrows
D:8:      layout_basic
D:9:      layout_roguey
D:10:     layout_roguey, orc_david_3, special_room [special_room_bee],
          dk_noncrumbling_3, item_on_display_a, uniq_erica
D:11:     layout_basic, erik_lair_dragon
D:12:     layout_loops_ring
D:13:     layout_gridville, minivault_25_ag, uniq_snorg
D:14:     layout_grid_maze, erik_vaults_2, serial_bayou_pond_d,
          cheibrodos_worm_habitat
D:15:     hangedman_depths_entry_civil_slaughter, layout_irregular_city
Lair:1:   layout_roguey, gammafunk_ghost_cemetery, worms_lemuel, uniq_gastronok
Lair:2:   layout_long_grid, minmay_snake_entry_guardpost_small
Lair:3:   layout_cave_pods, lemuel_fruit_fields
Lair:4:   layout_roguey, minmay_swamp_entry_worms, minivault_24,
          serial_bayou_shore_b
Lair:5:   layout_gridlike, nicolae_slime_entry_slimehenge,
          portal_ice_cave_entry_pillars_2, minmay_lair_drake_nest,
          serial_bayou_shore_b
Lair:6:   minmay_lair_end_frog_pond, layout_misc_corridors, lemuel_fruit_tree
Swamp:1:  layout_basic_swamp, evilmike_swamp_ruin_house_5
Orc:1:    layout_diamond_mine, serial_shops, nicolae_shop_bloodbath_and_beyond,
          basic_altar, nicolae_shop_self_help
Orc:2:    st_orc_open, layout_caves, enter_volcano_2

Skill      XL: |  1  2  3  4  5  6  7  8  9 10 11 12 13 14 15 16 |
---------------+-------------------------------------------------+-----
Short Blades   | 3 4 5 6 7 9 10 | 10.0
Fighting       | 3 4 5 6 9 10 11 13 14 15 16 | 16.4
Armour         | 2 3 4 5 6 8 9 11 12 | 12.0
Shields        | 4 5 8 |  8.4
Throwing       | 2 7 9 10 12 | 12.0
Evocations     | 5 6 |  6.0
Dodging        | |  1.5

Action                   |  1- 3 |  4- 6 |  7- 9 | 10-12 | 13-15 | 16-18 || total
-------------------------+-------+-------+-------+-------+-------+-------++-------
Melee: Bite              |    17 |    30 |    71 |   185 |   594 |   240 ||  1137
       Short sword       |     6 |       |       |       |       |       ||     6
       Dagger            |    77 |   106 |   235 |   583 |  1394 |   546 ||  2941
       Punch             |     2 |     2 |     4 |     2 |       |       ||    10
Throw: Stone             |     3 |    19 |    18 |    18 |    53 |       ||   111
       Dart              |       |       |       |     3 |     9 |    28 ||    40
       Boomerang         |       |       |       |       |       |     4 ||     4
Invok: Berserk           |     4 |     3 |     5 |    17 |    19 |     8 ||    56
       Trog's Hand       |       |     2 |       |     4 |     2 |     4 ||    12
       Brothers in Arms  |       |       |       |     2 |     5 |     2 ||     9
Evoke: Wand              |       |       |       |       |     2 |     1 ||     3
  Use: Scroll            |       |       |    13 |     7 |    11 |     3 ||    34
       Potion            |       |       |       |     1 |       |     1 ||     2
 Stab: Distracted        |       |       |       |       |     1 |       ||     1
Armor: Ring mail         |    22 |    15 |       |       |       |       ||    37
       Chain mail        |       |    18 |   103 |    32 |    16 |     1 ||   170
       Plate armour      |       |       |       |   195 |   248 |       ||   443
       Pearl dragon scal |       |       |       |       |   143 |   256 ||   399
Dodge: Dodged            |    36 |    38 |    77 |   130 |   277 |   232 ||   790
Block: Buckler           |       |       |       |    95 |   324 |   133 ||   552
       Reflection        |       |       |       |       |     6 |       ||     6
